 Dungeon Crawl Stone Soup version 0.17-a0-377-gdd46233 (webtiles) character file.

37 Ryushun the Grave Robber (level 3, -4/25 HPs)
             Began as a Formicid Necromancer on Apr 1, 2015.
             Slain by a worm (6 damage)
             ... on level 2 of the Dungeon.
             The game lasted 00:09:17 (2254 turns).

Ryushun the Grave Robber (Formicid Necromancer)     Turns: 2254, Time: 00:09:17

Health: -4/25      AC:  2    Str: 13    XL:     3   Next: 62%
Magic:  5/5        EV: 11    Int: 14    God:
Gold:   67         SH:  3    Dex: 11    Spells: 3 memorised, 1 level left

rFire  + . .     SeeInvis +     p - +0 club
rCold  x . .     Clarity  .     i - +0 robe
rNeg   . . .     SustAb   .     m - +0 buckler
rPois  .         Gourm    .     (helmet unavailable)
rElec  .         Spirit   .     (no cloak)
rCorr  .         Warding  .     (no gloves)
rMut   .         Stasis   +     (no boots)
MR     .....                    (no amulet)
Stlth  ++........               (no ring)
                                f - ring of fire

@: drained, not resistant to hostile enchantments, unstealthy
A: permanent stasis, dig shafts and tunnels, four strong arms, antennae 3
a: Dig, Shaft Self


You were on level 2 of the Dungeon.
You were not hungry.

You visited 1 branch of the dungeon, and saw 4 of its levels.

You collected 67 gold pieces.

Inventory:

Hand weapons
 h - a +0 hunting sling
 j - a +0 club
 k - a -1 club
 l - a +0 club
 p - a +0 club (weapon)
Missiles
 d - 42 stones (quivered)
Armour
 a - a +0 robe
 g - a +0 leather armour
 i - a +0 robe (worn)
 m - a +0 buckler (worn)
Jewellery
 f - a ring of fire (left hand)
Scrolls
 q - a scroll of identify
 r - 3 scrolls of random uselessness
Potions
 s - a potion of magic {unknown}
Books
 b - a book of Necromancy

   Spells                             Type                      Level
   a - Pain                           Necromancy                   1
   b - Animate Skeleton               Necromancy                   1
   c - Vampiric Draining              Necromancy                   3
   d - Regeneration                   Charms/Necromancy            3
   e - Animate Dead                   Necromancy                   4
   f - Control Undead                 Necromancy                   4
Comestibles
 c - a bread ration
 n - a royal jelly
 o - a chunk of flesh


   Skills:
 * Level 0.9(0.7) Fighting
 * Level 0.6(0.3) Maces & Flails
 - Level 0.2(0.0) Throwing
 * Level 1.0(0.8) Armour
 * Level 2.4(2.2) Dodging
 - Level 2.4(2.1) Stealth
 + Level 0.8(0.5) Unarmed Combat
 - Level 2.1(1.9) Spellcasting
 - Level 4.0(3.7) Necromancy


You had one spell level left.
You knew the following spells:

 Your Spells              Type           Power        Failure   Level  Hunger
a - Pain                  Necr           ##..         12%         1    ##.....
b - Animate Skeleton      Necr           N/A          12%         1    ##.....
c - Vampiric Draining     Necr           ##........   28%         3    ####...


Dungeon Overview and Level Annotations

Branches:
Dungeon (4/15)
 Temple: D:4-7

Altars:


Innate Abilities, Weirdness & Mutations

You are under a permanent stasis effect.
You can dig through walls and to a lower floor.
Your four strong arms can wield two-handed weapons with a shield.
You have a pair of large antennae on your head (SInv).


Message History

You climb upwards.
A hobgoblin and a kobold come into view.
The kobold shouts!
Found 12 gold pieces and a smoky purple potion.
There is a stone staircase leading down here.
A jackal and a worm come into view.
The jackal barks!
Found 8 javelins. 2 jackals come into view.
A jackal comes into view.
The jackal barks! x2
The jackal moves out of view.
The kobold throws a stone.
The stone closely misses you.
You see here 12 gold pieces.
You now have 67 gold pieces (gained 12).
The jackal barks!
The kobold throws a stone.
The stone hits you.
* * * LOW HITPOINT WARNING * * *
The worm bites you.
You die...

#.# .. ... .
h... ..# ..#
h.. .# . ...
#.h ...
..##.###.. #.
......#h. #.
.......(w# #.
#..@### #.
#....># #.
#.........# ##
....#.###..#.#
##. #....#.
gK..( #.. #...
##
..!..........#
..
............##
...........= #
.... ......b #


You could see a worm, 4 jackals, a hobgoblin and a kobold.

Vanquished Creatures
  A worm (D:2)
  A giant gecko (D:1)
  4 giant cockroaches (D:1)
  4 goblins
  2 hobgoblins
  2 jackals (D:1)
  5 bats
  2 giant newts (D:1)
  2 kobolds (D:1)
  3 rats (D:1)
26 creatures vanquished.

Vanquished Creatures (collateral kills)
  2 kobolds (D:1)
  3 rats (D:1)
5 creatures vanquished.

Vanquished Creatures (others)
  2 bat skeletons (D:2)
  A hobgoblin skeleton (D:2)
  A jackal skeleton (D:1)
4 creatures vanquished.

Grand Total: 35 creatures vanquished

Notes
Turn   | Place    | Note
--------------------------------------------------------------
     0 | D:1      | Ryushun, the Formicid Necromancer, began the quest for the Orb.
     0 | D:1      | Reached XP level 1. HP: 13/13 MP: 3/3
     2 | D:1      | Learned a level 1 spell: Animate Skeleton
   384 | D:1      | Reached XP level 2. HP: 12/20 MP: 0/4
  1118 | D:1      | Reached XP level 3. HP: 10/25 MP: 5/5
  1999 | D:2      | Learned a level 3 spell: Vampiric Draining
  2059 | D:2      | Reached skill level 1 in Armour
  2226 | D:2      | You fall through a shaft for 2 floors!
  2226 | D:4      | Noticed an ogre
  2230 | D:4      | Noticed a giant frog
  2254 | D:2      | Slain by a worm

Action                   || total
-------------------------++-------
Melee: Unarmed           ||    15
       Club              ||    79
 Cast: Pain              ||    30
       Animate Skeleton  ||    13
  Use: Scroll            ||     5
  Eat: Chunk             ||     2
       Bread ration      ||     1
